[Event "Titled Tuesday Blitz March 01 Early 2022"]
[White "Ter-Sahakyan, Samvel"]
[Black "FGHSMN"]
[WhiteFideId "13302531"]
[WhiteElo "2592"]
[BlackElo "2714"]
[Result "1-0"]
[Round "08"]
[TimeControl "180+1"]
[Date "2022.03.01"]
[WhiteClock "0:00:24"]
[BlackClock "0:00:58"]

1. e4 e5 2. Nf3 Nc6 3. Bb5 Nf6 4. d3 Bc5 5. Bg5 h6 6. Bh4 d6 7. c3 g5 8. Bg3 Bg4 9. Nbd2 Qd7 10. h3 Bh5 11. Qe2 a6 12. Ba4 Ba7 13. Nf1 O-O-O 14. Ne3 Bxe3 15. Qxe3 Kb8 16. O-O-O Rhe8 17. h4 g4 18. Nd2 Qe6 19. Bb3 d5 20. Qxh6 Rh8 21. exd5 Qe7 22. Qg5 Rhg8 23. dxc6 Rxg5 24. hxg5 Bg6 25. gxf6 Qxf6 26. Bh4 Qf5 27. Bxd8 Qxd3 28. Be7 a5 29. Rh8+ Ka7 30. Bc5+ b6 31. Be3 g3 32. Rc8 Qd6 33. Ne4 Qxc6 34. Bd5 1-0


[Site "https://www.chess.com"]

[Event "Titled Tuesday Blitz March 01 Early 2022"]
[White "Thorhallsson, Simon"]
[Black "Politov, Pavel Y."]
[WhiteFideId "2310090"]
[BlackFideId "24110515"]
[WhiteElo "2137"]
[BlackElo "2090"]
[Result "1-0"]
[Round "08"]
[TimeControl "180+1"]
[Date "2022.03.01"]
[WhiteClock "0:01:28"]
[BlackClock "0:00:22"]

1. e4 c5 2. Nf3 d6 3. d4 cxd4 4. Nxd4 Nf6 5. Nc3 a6 6. Be2 e5 7. Nb3 Be7 8. Bg5 Be6 9. Bxf6 Bxf6 10. Qd3 b5 11. O-O-O Be7 12. Nd5 Bxd5 13. Qxd5 Nd7 14. Na5 Nb6 15. Qc6+ Nd7 16. Nb7 Qb6 17. Nxd6+ Bxd6 18. Qxa8+ Qb8 19. Qc6 Ke7 20. Bg4 Nf6 21. Rxd6 Qxd6 22. Qb7+ Ke8 23. Rd1 Qc5 24. Rd7 Nxg4 25. Rc7 Qxc7 26. Qxc7 Rf8 27. Qc8+ Ke7 28. Qxg4 g6 29. Qg3 Ke6 30. Qc3 Rd8 31. a4 bxa4 32. Qc4+ 1-0


[Site "https://www.chess.com"]

[Event "Titled Tuesday Blitz March 01 Early 2022"]
[White "Timofeev, Artyom"]
[Black "Lazavik, Denis"]
[WhiteFideId "4140419"]
[BlackFideId "13515110"]
[WhiteElo "2845"]
[BlackElo "2953"]
[Result "0-1"]
[Round "08"]
[TimeControl "180+1"]
[Date "2022.03.01"]
[WhiteClock "0:00:12"]
[BlackClock "0:00:23"]

1. c4 Nf6 2. Nc3 e5 3. e3 d5 4. cxd5 Nxd5 5. Nf3 Nxc3 6. bxc3 Bd6 7. d4 Nd7 8. Bd3 O-O 9. Qc2 h6 10. O-O Qe7 11. Bb2 b6 12. Bh7+ Kh8 13. Be4 Rb8 14. c4 c5 15. Rfe1 Bb7 16. Bxb7 Rxb7 17. dxe5 Nxe5 18. Bxe5 Bxe5 19. Rad1 Bb8 20. Rd5 Rd7 21. e4 Rxd5 22. cxd5 Qd7 23. g3 Re8 24. Kg2 f5 25. e5 Qxd5 26. Qxf5 c4 27. Re4 c3 28. Rd4 Qc6 29. Qe4 Qxe4 30. Rxe4 b5 31. Nd4 Rxe5 32. Kf3 Rxe4 33. Kxe4 b4 34. Kd3 a5 35. Nc6 Bc7 36. a3 bxa3 37. Kxc3 a4 38. Kc2 Kg8 39. Kb1 Kf7 40. Ka2 Bd6 41. Nd4 Kf6 42. f4 Bc5 43. Nc2 Kf5 44. Nxa3 Bxa3 45. Kxa3 Kg4 46. Kxa4 Kh3 47. Kb5 Kxh2 48. g4 Kg3 49. g5 hxg5 50. fxg5 Kg4 51. g6 Kg5 52. Kc4 Kxg6 53. Kd3 Kf5 54. Ke3 Kg4 55. Kf2 Kh3 56. Kg1 g5 57. Kh1 g4 58. Kg1 Kg3 59. Kf1 Kh2 60. Kf2 g3+ 0-1


[Site "https://www.chess.com"]

[Event "Titled Tuesday Blitz March 01 Early 2022"]
[White "Topalov, Aleksandar"]
[Black "Thomas, Anysia"]
[WhiteFideId "925659"]
[BlackFideId "670472"]
[WhiteElo "2098"]
[BlackElo "2002"]
[Result "1-0"]
[Round "08"]
[TimeControl "180+1"]
[Date "2022.03.01"]
[WhiteClock "0:01:29"]
[BlackClock "0:00:02"]

1. b3 d5 2. Bb2 Nd7 3. Nf3 Ngf6 4. e3 g6 5. c4 c6 6. Be2 Bg7 7. O-O O-O 8. d4 Re8 9. Nbd2 Qc7 10. Rc1 dxc4 11. Nxc4 Nd5 12. Re1 b5 13. Nce5 Nxe5 14. Nxe5 Bxe5 15. dxe5 a6 16. Qxd5 Qa5 17. Qxc6 Be6 18. a3 Rac8 19. b4 Qa4 20. Qe4 Bf5 21. Qd4 Rcd8 22. Qf4 Qb3 23. Bd4 Qxa3 24. e6 1-0


[Site "https://www.chess.com"]

[Event "Titled Tuesday Blitz March 01 Early 2022"]
[White "Tsvetkov, Andrey"]
[Black "Ahmadzada, Ahmad"]
[WhiteFideId "34139360"]
[BlackFideId "13413007"]
[WhiteElo "2280"]
[BlackElo "2228"]
[Result "0-1"]
[Round "08"]
[TimeControl "180+1"]
[Date "2022.03.01"]
[WhiteClock "0:00:01"]
[BlackClock "0:00:20"]

1. d4 Nf6 2. c4 e6 3. Nc3 Nc6 4. e4 Bb4 5. d5 exd5 6. cxd5 Ne5 7. f4 Nxe4 8. fxe5 Nxc3 9. bxc3 Bxc3+ 10. Bd2 Qh4+ 11. Ke2 Qe4+ 12. Be3 Bxa1 13. Qxa1 Qxd5 14. Nf3 O-O 15. Kf2 d6 16. exd6 Qxd6 17. Qc3 Be6 18. Bc5 Qc6 19. Nd4 Qd5 20. Bxf8 Qxa2+ 21. Be2 Rxf8 22. Ra1 Qd5 23. Nxe6 Qxe6 24. Rxa7 Re8 25. Rxb7 Qxe2+ 26. Kg1 Qd1+ 27. Kf2 Re2+ 28. Kg3 Qd6+ 29. Kf3 Qd5+ 30. Kxe2 Qxg2+ 31. Ke3 Qxb7 32. Qe5 Qb6+ 33. Kd3 Qd6+ 0-1


[Site "https://www.chess.com"]

[Event "Titled Tuesday Blitz March 01 Early 2022"]
[White "Urazayev, Arystanbek"]
[Black "Pinheiro, Iung Alicio de O."]
[WhiteFideId "13709810"]
[BlackFideId "2104350"]
[WhiteElo "2321"]
[BlackElo "2557"]
[Result "1-0"]
[Round "08"]
[TimeControl "180+1"]
[Date "2022.03.01"]
[WhiteClock "0:01:28"]
[BlackClock "0:00:10"]

1. e4 c5 2. Nf3 Nc6 3. Bb5 e6 4. O-O Nge7 5. Re1 Nd4 6. Bf1 Nec6 7. c3 Nxf3+ 8. Qxf3 Be7 9. d3 O-O 10. Na3 d6 11. Be3 f5 12. exf5 Rxf5 13. Qe2 d5 14. d4 c4 15. Nc2 Bd6 16. g3 Bd7 17. f4 h6 18. Bd2 Rf8 19. Ne3 Qf6 20. Ng4 Qg6 21. Bg2 h5 22. Ne5 Bxe5 23. fxe5 Qh7 24. Rf1 Rxf1+ 25. Rxf1 Be8 26. Bh3 Bf7 27. Bg5 Re8 28. Qf2 Qg6 29. Qf4 Ne7 30. a4 Nf5 31. Bxf5 exf5 32. Qxf5 Qxf5 33. Rxf5 Be6 34. Rf1 Rf8 35. Bf4 Bh3 36. Rb1 Bf5 37. Re1 Be4 38. h4 Kf7 39. Kf2 Ke6 40. Rg1 Bf5 41. Ke3 a5 42. Kd2 b5 43. axb5 Rb8 44. Ra1 Rxb5 45. Kc1 Be4 46. Bg5 Kf5 47. Bd8 Kg4 48. Bxa5 Bf5 49. Bc7 Rb7 50. Bd6 Be6 51. Ra8 Kxg3 52. Re8 Bf5 53. e6+ Kxh4 54. e7 Bg6 55. Rg8 Kg5 56. Rxg7 Rd7 57. Rxg6+ 1-0


[Site "https://www.chess.com"]

[Event "Titled Tuesday Blitz March 01 Early 2022"]
[White "Vantika, Agrawal"]
[Black "Rangel, Daniel"]
[WhiteFideId "25050389"]
[BlackFideId "2124475"]
[WhiteElo "2075"]
[BlackElo "2187"]
[Result "0-1"]
[Round "08"]
[TimeControl "180+1"]
[Date "2022.03.01"]
[WhiteClock "0:00:03"]
[BlackClock "0:00:10"]

1. d4 Nf6 2. c4 g6 3. Nc3 Bg7 4. e4 O-O 5. Be2 d6 6. Bg5 c5 7. d5 e6 8. Qd2 exd5 9. exd5 Re8 10. Nf3 Bf5 11. O-O Nbd7 12. Rfe1 Ne5 13. Nh4 Bc8 14. h3 a6 15. f4 Ned7 16. Bd3 h6 17. Bxf6 Nxf6 18. Rxe8+ Nxe8 19. Nf3 Bd7 20. Re1 Nc7 21. f5 g5 22. Bc2 b5 23. b3 b4 24. Ne2 Ne8 25. Qd3 Nf6 26. Ng3 a5 27. Ne4 Nxe4 28. Qxe4 Bf6 29. Nh2 Qf8 30. Ng4 Bd4+ 31. Kh1 Re8 32. f6 Rxe4 33. Rxe4 Bxg4 34. hxg4 Bxf6 35. Re2 Be5 36. Bf5 Qg7 37. g3 Qf6 38. Kg2 Kg7 39. Re1 Qe7 40. Re2 Qa7 41. Bc2 Qa6 42. Re4 f6 43. Kf3 Qc8 44. Re2 Qe8 45. Kg2 h5 46. Bf5 hxg4 47. Bxg4 a4 48. Bf5 axb3 49. axb3 Qa8 50. Kf3 Qa1 51. Bc2 Qc3+ 52. Kg2 Qxg3+ 53. Kf1 g4 54. Rg2 Qf3+ 55. Rf2 Qh3+ 56. Ke2 g3 57. Bf5 Qh5+ 58. Kf1 gxf2 59. Be4 Bd4 60. Bf3 Qh3+ 61. Bg2 Qd3# 0-1


[Site "https://www.chess.com"]

[Event "Titled Tuesday Blitz March 01 Early 2022"]
[White "Viskelis, Darius"]
[Black "Wahedi, Ahmad Siar"]
[WhiteFideId "12800830"]
[BlackFideId "4651260"]
[WhiteElo "1999"]
[BlackElo "2355"]
[Result "0-1"]
[Round "08"]
[TimeControl "180+1"]
[Date "2022.03.01"]
[WhiteClock "0:00:04"]
[BlackClock "0:00:18"]

1. e4 Nf6 2. e5 Nd5 3. Nc3 e6 4. Nxd5 exd5 5. Nf3 d6 6. d4 dxe5 7. dxe5 Be7 8. h3 Bf5 9. Bd3 Bxd3 10. Qxd3 O-O 11. O-O c5 12. b3 Nc6 13. Bb2 Qd7 14. Rad1 Rad8 15. Rfe1 Qe6 16. Qd2 Rd7 17. Ng5 Bxg5 18. Qxg5 Rfd8 19. f4 Ne7 20. g4 h6 21. Qh4 d4 22. f5 Qd5 23. Bc1 Nc6 24. Bf4 Re8 25. c4 Qf3 26. Rf1 Qc3 27. Rde1 Rde7 28. e6 fxe6 29. f6 gxf6 30. Qxf6 e5 31. Qg6+ Kh8 32. Qxh6+ Rh7 33. Qf6+ Rg7 34. Bh2 Qxh3 35. g5 d3 36. Rf3 Qg4+ 37. Rg3 d2 38. Qh6+ Kg8 0-1


[Site "https://www.chess.com"]

[Event "Titled Tuesday Blitz March 01 Early 2022"]
[White "Voege, Tobias"]
[Black "Buscar, Michael"]
[WhiteFideId "1270513"]
[BlackFideId "2603616"]
[WhiteElo "2335"]
[BlackElo "2010"]
[Result "1-0"]
[Round "08"]
[TimeControl "180+1"]
[Date "2022.03.01"]
[WhiteClock "0:00:38"]
[BlackClock "0:00:13"]

1. e4 c5 2. Nf3 e6 3. d4 cxd4 4. Nxd4 Nc6 5. Be3 Nf6 6. Nc3 Qc7 7. Be2 a6 8. O-O Be7 9. f4 d6 10. a4 b6 11. Bf3 Bb7 12. Nxc6 Bxc6 13. a5 Nd7 14. axb6 Nxb6 15. Qd4 Nd7 16. Qxg7 Bf6 17. Qg3 Bb7 18. Rad1 Ke7 19. e5 dxe5 20. Bxb7 Qxb7 21. fxe5 Bxe5 22. Rxd7+ Qxd7 23. Qxe5 Rhc8 24. Bg5+ 1-0


[Site "https://www.chess.com"]

[Event "Titled Tuesday Blitz March 01 Early 2022"]
[White "Vokhidov, Shamsiddin"]
[Black "Matinian, Nikita"]
[WhiteFideId "14204223"]
[BlackFideId "24129100"]
[WhiteElo "2979"]
[BlackElo "2752"]
[Result "0-1"]
[Round "08"]
[TimeControl "180+1"]
[Date "2022.03.01"]
[WhiteClock "0:00:04"]
[BlackClock "0:00:07"]

1. e4 e5 2. Nf3 Nc6 3. Bb5 a6 4. Ba4 Nf6 5. O-O Be7 6. d3 b5 7. Bb3 d6 8. a3 Bg4 9. Be3 Nd4 10. Bxd4 exd4 11. Nbd2 c5 12. h3 Bh5 13. a4 b4 14. Re1 O-O 15. Nf1 Nd7 16. Ng3 Bg6 17. a5 Bf6 18. Bd5 Ra7 19. Rf1 Ne5 20. Nd2 Bh4 21. Nf5 Bxf5 22. exf5 Kh8 23. Ne4 g6 24. f4 Nd7 25. fxg6 fxg6 26. Qg4 Nf6 27. Nxf6 Bxf6 28. Rae1 Re7 29. Re6 Rxe6 30. Bxe6 Re8 31. f5 Qe7 32. Kh1 gxf5 33. Bxf5 Rd8 34. Be6 Re8 35. Bc4 Qe5 36. Bxa6 d5 37. Bb7 Bd8 38. Qd7 Bc7 39. Kg1 Qh2+ 40. Kf2 Qg3+ 41. Kg1 Qh2+ 42. Kf2 Rf8+ 43. Ke1 Bg3+ 44. Rf2 Qg1+ 45. Ke2 Qxf2+ 46. Kd1 Qe1# 0-1


[Site "https://www.chess.com"]

[Event "Titled Tuesday Blitz March 01 Early 2022"]
[White "Volkov, Maksim"]
[Black "Nasyrova, Ekaterina"]
[WhiteFideId "54123070"]
[BlackFideId "44157797"]
[WhiteElo "2081"]
[BlackElo "2068"]
[Result "1/2-1/2"]
[Round "08"]
[TimeControl "180+1"]
[Date "2022.03.01"]
[WhiteClock "0:00:10"]
[BlackClock "0:00:09"]

1. d4 d5 2. c4 e6 3. Nf3 Nf6 4. g3 Bb4+ 5. Bd2 Bd6 6. Qc2 O-O 7. Nc3 Nc6 8. c5 Be7 9. a3 a5 10. Bg2 b6 11. cxb6 cxb6 12. O-O Bb7 13. Rfc1 Rc8 14. Qa4 Ne4 15. Be1 Bf6 16. e3 Nd6 17. Nd2 Na7 18. Bf1 Bc6 19. Qd1 Qd7 20. f3 a4 21. g4 b5 22. Na2 Nc4 23. Nxc4 dxc4 24. Nb4 Ba8 25. Bg3 Rfd8 26. Kf2 Qe7 27. Bg2 e5 28. d5 Qc5 29. h4 Bxd5 30. g5 Be7 31. Rc2 Be6 32. Qe1 Nc6 33. Nxc6 Rxc6 34. Kg1 Rcd6 35. Kh2 Rd3 36. Bf2 e4 37. f4 Bf5 38. Bf1 R3d5 39. h5 Qc6 40. Qc3 h6 41. Bh4 hxg5 42. Bxg5 Bxg5 43. fxg5 Qd6+ 44. Kg1 Qe7 45. Rg2 Qc5 46. h6 Re5 47. hxg7 Kxg7 48. Re1 Kg6 49. Ree2 Rd3 50. Qa5 Rxe3 51. Ref2 Rf3 52. Qa6+ Re6 53. Qa8 Rxf2 54. Rxf2 Kg7 55. Kg2 e3 56. Rf4 Qe5 57. Kg3 e2 58. Bxe2 Qxe2 59. Rxf5 Re3+ 60. Rf3 Rxf3+ 61. Qxf3 Qxf3+ 62. Kxf3 Kg6 63. Kf4 f6 64. gxf6 Kxf6 65. Ke4 Ke6 66. Kd4 Kd6 67. Kc3 Kc5 68. Kc2 Kd4 69. Kd2 Kd5 70. Kc3 Kc5 71. Kc2 Kc6 72. Kc3 Kc5 1/2-1/2


[Site "https://www.chess.com"]

[Event "Titled Tuesday Blitz March 01 Early 2022"]
[White "Warmerdam, Max"]
[Black "Zhigalko, Sergei"]
[WhiteFideId "1048104"]
[BlackFideId "13502956"]
[WhiteElo "2873"]
[BlackElo "2925"]
[Result "1/2-1/2"]
[Round "08"]
[TimeControl "180+1"]
[Date "2022.03.01"]
[WhiteClock "0:00:10"]
[BlackClock "0:00:08"]

1. e4 c5 2. Nf3 Nc6 3. Bb5 Nf6 4. Bxc6 dxc6 5. d3 Bg4 6. h3 Bh5 7. b3 Nd7 8. Bb2 Qc7 9. g4 Bg6 10. e5 Nb6 11. Nc3 Nd5 12. Ne4 e6 13. Qe2 O-O-O 14. O-O-O Be7 15. Kb1 Kb8 16. Nfd2 f5 17. Nd6 Rhf8 18. f3 Qa5 19. N2c4 Nc3+ 20. Bxc3 Qxc3 21. a4 fxg4 22. fxg4 Qb4 23. h4 b5 24. Nb2 Rxd6 25. exd6 Bf6 26. h5 Qc3 27. d4 Bf7 28. axb5 Bxd4 29. Rxd4 cxd4 30. bxc6 Qxc6 31. Rd1 Qxd6 32. Qb5+ Qb6 33. Qe5+ Qc7 34. Qxg7 Rc8 35. Nc4 e5 36. Qxe5 Bxc4 37. Qxc7+ Rxc7 38. bxc4 Rxc4 39. g5 Rc5 40. Rg1 Kc7 41. g6 hxg6 42. hxg6 Rb5+ 43. Ka2 Rb8 44. g7 Rg8 45. Kb3 Kd6 46. Kc4 Ke5 47. Kb5 Ke4 48. Ka6 d3 49. cxd3+ Kxd3 50. Kxa7 Ke4 51. Kb7 Kf5 52. Kc7 Kf6 53. Kd7 Rxg7+ 54. Rxg7 Kxg7 1/2-1/2


[Site "https://www.chess.com"]

[Event "Titled Tuesday Blitz March 01 Early 2022"]
[White "Weetik, Vjacheslav"]
[Black "Golubev, Mikhail"]
[WhiteFideId "4153472"]
[BlackFideId "14100983"]
[WhiteElo "2469"]
[BlackElo "2374"]
[Result "1-0"]
[Round "08"]
[TimeControl "180+1"]
[Date "2022.03.01"]
[WhiteClock "0:00:12"]
[BlackClock "0:00:07"]

1. d4 Nf6 2. Nf3 d6 3. Bg5 Nbd7 4. Nbd2 e5 5. dxe5 dxe5 6. e4 Be7 7. c3 O-O 8. Be2 b6 9. Qc2 Bb7 10. O-O h6 11. Bh4 Nh5 12. Bxe7 Qxe7 13. Rfe1 Nf4 14. Bf1 a5 15. Nc4 f6 16. Nh4 Kh7 17. g3 Ne6 18. Bh3 g6 19. Rad1 Ndc5 20. f3 Ng5 21. Bf1 Rfd8 22. Ne3 Rxd1 23. Rxd1 Rd8 24. Be2 Rxd1+ 25. Qxd1 Ncxe4 26. fxe4 Nxe4 27. Bd3 Qc5 28. Qe2 f5 29. Kf1 Nd6 30. Qf2 e4 31. Be2 a4 32. a3 Bc6 33. g4 Bb5 34. gxf5 Bxe2+ 35. Kxe2 Qb5+ 36. Ke1 gxf5 37. Nhxf5 1-0


[Site "https://www.chess.com"]

[Event "Titled Tuesday Blitz March 01 Early 2022"]
[White "Zaksaite, Salomeja"]
[Black "Heinemann, Josefine"]
[WhiteFideId "12801496"]
[BlackFideId "12900460"]
[WhiteElo "2002"]
[BlackElo "2300"]
[Result "1/2-1/2"]
[Round "08"]
[TimeControl "180+1"]
[Date "2022.03.01"]
[WhiteClock "0:00:03"]
[BlackClock "0:01:30"]

1. e4 e5 2. Nf3 Nc6 3. Bc4 Bc5 4. c3 Nf6 5. d4 exd4 6. cxd4 Bb4+ 7. Bd2 Nxe4 8. Bxb4 Nxb4 9. Bxf7+ Kxf7 10. Qb3+ Kf8 11. Qxb4+ Qe7 12. Qxe7+ Kxe7 13. Nc3 Nxc3 14. bxc3 d6 15. Kd2 Bf5 16. Rhe1+ Kd7 17. h3 Rae8 18. g4 Bg6 19. Nh4 Bf7 20. a3 Bc4 21. Nf5 g6 22. Ne3 Bf7 23. Rab1 b6 24. Ng2 h5 25. g5 Be6 26. h4 Bf5 27. Rxe8 Rxe8 28. Re1 Rxe1 29. Kxe1 Kc6 30. Ne3 Be4 31. Kd2 Bf3 32. Nf1 a5 33. Ke3 Bd1 34. f4 Bc2 35. Kd2 Bf5 36. Ne3 Be6 37. c4 Bf7 38. Kc3 b5 39. cxb5+ Kxb5 40. f5 c5 41. dxc5 Kxc5 42. fxg6 Bxg6 43. Ng2 d5 44. Nf4 d4+ 45. Kd2 Be8 46. g6 Kd6 47. g7 Bf7 48. Nxh5 Ke5 49. Ng3 Kf6 50. Ne2 Kxg7 51. Nxd4 Kf6 52. Nc6 Kf5 53. Kc3 Kg4 54. Nxa5 Kxh4 55. Nb7 Be8 56. a4 Bxa4 1/2-1/2


[Site "https://www.chess.com"]

[Event "Titled Tuesday Blitz March 01 Early 2022"]
[White "Zavgorodniy, Sergiy"]
[Black "Neiksans, Arturs"]
[WhiteFideId "14110148"]
[BlackFideId "11601388"]
[WhiteElo "2420"]
[BlackElo "2447"]
[Result "0-1"]
[Round "08"]
[TimeControl "180+1"]
[Date "2022.03.01"]
[WhiteClock "0:01:45"]
[BlackClock "0:01:25"]

1. e4 c5 2. Nf3 e6 3. d3 Nc6 4. g3 d5 5. Nbd2 Bd6 6. Bg2 Nge7 7. O-O Qc7 8. Re1 Bd7 9. Qe2 f6 10. c3 O-O 11. d4 cxd4 12. Nxd4 Nxd4 13. cxd4 Rac8 14. Bh3 Kh8 15. Nf3 dxe4 16. Qxe4 Bc6 17. Qe2 Nf5 18. g4 Bxf3 19. Qxf3 Nxd4 20. Qd3 Nc2 0-1


[Site "https://www.chess.com"]

[Event "Titled Tuesday Blitz March 01 Early 2022"]
[White "Zheenbekov, Nurgazy"]
[Black "Tologon tegin, Semetei"]
[WhiteFideId "13800485"]
[BlackFideId "13800574"]
[WhiteElo "1959"]
[BlackElo "2258"]
[Result "1-0"]
[Round "08"]
[TimeControl "180+1"]
[Date "2022.03.01"]
[WhiteClock "0:00:18"]
[BlackClock "0:00:01"]

1. e4 e5 2. Nf3 Nc6 3. Bb5 a6 4. Ba4 Nf6 5. O-O Be7 6. Re1 b5 7. Bb3 O-O 8. h3 d6 9. c3 Nb8 10. d4 Nbd7 11. Nbd2 Bb7 12. Bc2 Re8 13. Nf1 Bf8 14. Ng3 g6 15. Bg5 h6 16. Be3 Bg7 17. a4 c5 18. d5 c4 19. Qd2 Kh7 20. Nh2 Qc7 21. Rf1 Nc5 22. Ng4 Nxg4 23. hxg4 Rab8 24. axb5 axb5 25. Ne2 Bc8 26. g5 hxg5 27. Bxg5 f6 28. Be3 f5 29. exf5 Bxf5 30. Bxc5 Qxc5 31. Ng3 Bxc2 32. Qxc2 Qxd5 33. Rfd1 Qc6 34. Ra7 Rbd8 35. Qe2 d5 36. Rda1 Rd7 37. R1a6 Qc8 38. Qg4 Rxa7 39. Qh4+ Kg8 40. Rxa7 Qe6 41. Qg5 e4 42. Nh5 Bh8 43. Qh6 Re7 44. Ra8+ Re8 45. Ra7 Re7 46. Nf4 Qf6 47. Ra8+ Kf7 48. Nxd5 Qd6 49. Nxe7 1-0


[Site "https://www.chess.com"]

[Event "Titled Tuesday Blitz March 01 Early 2022"]
[White "Zia, Tahsin Tajwar"]
[Black "Jaskolka, Tomasz"]
[WhiteFideId "10211888"]
[BlackFideId "1170791"]
[WhiteElo "1800"]
[BlackElo "2054"]
[Result "1-0"]
[Round "08"]
[TimeControl "180+1"]
[Date "2022.03.01"]
[WhiteClock "0:00:45"]
[BlackClock "0:00:03"]

1. e4 e6 2. d3 d5 3. Nd2 c5 4. Ngf3 Nc6 5. g3 g6 6. Bg2 Bg7 7. O-O b6 8. Re1 Nge7 9. c3 a5 10. e5 a4 11. Nf1 Bb7 12. Bf4 b5 13. a3 Qb6 14. Qd2 d4 15. Bh6 Bxh6 16. Qxh6 Nf5 17. Qf4 dxc3 18. bxc3 b4 19. g4 Nfe7 20. Ng5 O-O 21. Ne4 Nd5 22. Qh6 Nxe5 23. Ng5 Nf6 24. Rxe5 Bxg2 25. Kxg2 bxc3 26. Ng3 Qb2 27. N3e4 Qb7 28. f3 Qb2+ 29. Kg3 Nxe4+ 30. dxe4 Qxa1 31. Qxh7# 1-0


[Site "https://www.chess.com"]

[Event "Titled Tuesday Blitz March 01 Early 2022"]
[White "Agibileg, Uurtsaikh"]
[Black "Samadov, Read"]
[WhiteFideId "4901606"]
[BlackFideId "13417444"]
[WhiteElo "2205"]
[BlackElo "2084"]
[Result "1-0"]
[Round "09"]
[TimeControl "180+1"]
[Date "2022.03.01"]
[WhiteClock "0:00:02"]
[BlackClock "0:00:02"]

1. d4 Nf6 2. c4 g6 3. Nc3 Bg7 4. e4 d6 5. Be2 O-O 6. Nf3 e5 7. O-O Nc6 8. d5 Ne7 9. Nd2 Nd7 10. b4 f5 11. c5 Nf6 12. f3 Kh8 13. Nc4 f4 14. a4 g5 15. Ba3 Ne8 16. b5 h5 17. a5 b6 18. axb6 axb6 19. cxb6 cxb6 20. Bb4 Rxa1 21. Qxa1 g4 22. Qa7 Ng6 23. Nxb6 gxf3 24. Bxf3 Bg4 25. Nc4 Bxf3 26. Rxf3 Nh4 27. Rf2 f3 28. g3 Qg5 29. Qe3 Qg6 30. b6 Nf6 31. Bxd6 Ng4 32. Bxf8 Nxe3 33. Bxg7+ Qxg7 34. Nxe3 Ng6 35. Rb2 Qb7 36. Nf5 Kh7 37. Nd6 Qa6 38. Kf2 Qa3 39. Nc4 Qc5+ 40. Kxf3 Qxc4 41. Ne2 Qa4 42. Kf2 Qa3 43. Rb5 Qa6 44. Nc3 Qb7 45. d6 Nf8 46. Nd5 Nd7 47. Ra5 Qc6 48. Ra7 Kh6 49. Rc7 Qb5 50. b7 Nc5 51. d7 Nxd7 52. Rxd7 Qb2+ 53. Kf3 Qb3+ 54. Ne3 Kg6 55. h4 Kf6 56. Rc7 Ke6 57. Ke2 Qb5+ 58. Kf3 1-0


[Site "https://www.chess.com"]

[Event "Titled Tuesday Blitz March 01 Early 2022"]
[White "Alavkin, Arseny"]
[Black "Matlakov, Maxim"]
[WhiteFideId "4120612"]
[BlackFideId "4168003"]
[WhiteElo "2391"]
[BlackElo "2661"]
[Result "0-1"]
[Round "09"]
[TimeControl "180+1"]
[Date "2022.03.01"]
[WhiteClock "0:00:03"]
[BlackClock "0:01:32"]

1. d4 d5 2. c4 dxc4 3. Nf3 Nf6 4. e3 Bg4 5. Bxc4 e6 6. O-O a6 7. h3 Bh5 8. Nbd2 Nbd7 9. b3 Bd6 10. Bb2 O-O 11. Qe2 Qe7 12. Rac1 b5 13. Bd3 c5 14. dxc5 Nxc5 15. Bb1 Rac8 16. Rfd1 Rfd8 17. g4 Bg6 18. Bxg6 hxg6 19. Kg2 Nd5 20. Nf1 Ne4 21. Rxc8 Rxc8 22. Rc1 Rxc1 23. Bxc1 Ndc3 24. Qc2 b4 25. N1d2 Qb7 26. Nxe4 Nxe4 27. Qd1 Be7 28. Bb2 Bf6 29. Bxf6 gxf6 30. Qd8+ Kg7 31. Kg1 Nc3 32. Kg2 Nxa2 33. h4 Nc3 34. g5 Ne4 35. Qd4 a5 36. gxf6+ Nxf6 37. Qe5 Qd5 38. Qxd5 Nxd5 39. Ne5 Nb6 40. Nc6 a4 41. Nxb4 axb3 42. Nd3 Nc4 0-1


[Site "https://www.chess.com"]

[Event "Titled Tuesday Blitz March 01 Early 2022"]
[White "Aldokhin, Ivan"]
[Black "Samant Aditya S"]
[WhiteFideId "24115720"]
[BlackFideId "35080580"]
[WhiteElo "2231"]
[BlackElo "1916"]
[Result "1-0"]
[Round "09"]
[TimeControl "180+1"]
[Date "2022.03.01"]
[WhiteClock "0:01:15"]
[BlackClock "0:01:07"]

1. e4 c5 2. Nf3 d6 3. d4 cxd4 4. Nxd4 Nf6 5. Nc3 Nc6 6. Bc4 e6 7. Bb3 Be7 8. Be3 a6 9. Qe2 Nxd4 10. Bxd4 b5 11. O-O-O Bb7 12. a3 O-O 13. f4 Qc7 14. f5 e5 15. Bf2 Rac8 16. g4 Nd7 17. Nd5 Qd8 18. h4 a5 19. Qxb5 Bc6 20. Qd3 a4 21. Ba2 Qa5 22. Nxe7+ 1-0


[Site "https://www.chess.com"]

[Event "Titled Tuesday Blitz March 01 Early 2022"]
[White "Alfaro, William"]
[Black "Sahin, Handenur"]
[WhiteFideId "6100457"]
[BlackFideId "6334865"]
[WhiteElo "2066"]
[BlackElo "2196"]
[Result "1-0"]
[Round "09"]
[TimeControl "180+1"]
[Date "2022.03.01"]
[WhiteClock "0:02:01"]
[BlackClock "0:00:38"]

1. e4 e5 2. Nf3 Nc6 3. Bb5 a6 4. Ba4 Nf6 5. O-O Be7 6. Re1 b5 7. Bb3 d6 8. c3 O-O 9. d3 Nd7 10. Nbd2 Nc5 11. Bc2 Bg4 12. h3 Bh5 13. Nf1 Ne6 14. Ng3 Bg6 15. d4 exd4 16. cxd4 d5 17. exd5 Qxd5 18. Bb3 Qd7 19. d5 Na5 20. dxe6 Qc6 21. Bd5 Qc5 22. Be3 Qb4 23. Bxa8 Rxa8 24. exf7+ Bxf7 25. Ne5 Rd8 26. Qf3 Bd5 27. Qf5 Rf8 28. Qh5 Bd6 29. Rad1 Bxa2 30. Ng4 Bxg3 31. fxg3 Qxb2 32. Bd4 Qb4 33. Nh6+ Kh8 34. Bxg7+ Kxg7 35. Qg5+ Kh8 36. Qe5+ 1-0


[Site "https://www.chess.com"]

[Event "Titled Tuesday Blitz March 01 Early 2022"]
[White "Artemenko, Oleg"]
[Black "Dobre, Claudiu-Cristian"]
[WhiteFideId "14201798"]
[BlackFideId "1211854"]
[WhiteElo "2287"]
[BlackElo "2207"]
[Result "0-1"]
[Round "09"]
[TimeControl "180+1"]
[Date "2022.03.01"]
[WhiteClock "0:00:39"]
[BlackClock "0:00:47"]

1. d4 d5 2. Nc3 c6 3. Bf4 g6 4. Qd2 Bg7 5. O-O-O Nf6 6. f3 b5 7. g4 Qa5 8. a3 Nbd7 9. Kb1 Nb6 10. Nxd5 Qxd2 11. Nxf6+ Bxf6 12. Rxd2 Nc4 13. Rd1 g5 14. Bc1 a5 15. e4 Ba6 16. e5 Bg7 17. Bxg5 b4 18. a4 Rb8 19. Nh3 b3 20. c3 h5 21. Bc1 hxg4 22. fxg4 Nxb2 23. Kxb2 Bxf1 24. Rdxf1 Rxh3 25. Rf2 c5 26. Bf4 cxd4 27. cxd4 Rb4 28. Bg3 Rxa4 29. Kxb3 Rxd4 30. Kc2 Rxg4 31. Rb1 Rb4 32. Ra1 Rb5 33. Re1 a4 34. Re4 a3 35. Rf3 Ra5 36. e6 fxe6 37. Rb4 Bf6 38. Rb8+ Kf7 39. Rf1 a2 40. Be5 Rxe5 0-1


[Site "https://www.chess.com"]